 Dungeon Crawl Stone Soup version 0.20.1-1-g8b1a95d (webtiles) character file.

44 Monsterracer the Conjurer (level 3, -11/26 HPs)
             Began as a Demigod Conjurer on Aug 30, 2017.
             Mangled by a gnoll
             ... wielding a +0 halberd
              (18 damage)
             ... on level 2 of the Dungeon.
             The game lasted 00:02:28 (1559 turns).

Monsterracer the Conjurer (Demigod Conjurer)        Turns: 1559, Time: 00:02:30

Health: -11/26     AC:  2    Str: 11    XL:     3   Next: 22%
Magic:  9/9        EV: 12    Int: 21    God:
Gold:   76         SH:  0    Dex: 16    Spells: 3/6 levels left

rFire    . . .     SeeInvis .   h - +0 short sword
rCold    . . .     Gourm    .   (no shield)
rNeg     . . .     Faith    .   a - +0 robe
rPois    .         Spirit   .   (no helmet)
rElec    .         Reflect  .   (no cloak)
rCorr    .         Harm     +   (no gloves)
MR       .....                  (no boots)
Stlth    ++........             q - amulet of harm
Regen    0.1/turn               (no ring)
MPRegen  0.2/turn               (no ring)

@: no status effects
A: high mp 1
a: no special abilities


You were on level 2 of the Dungeon.
You were not hungry.

You visited 1 branch of the dungeon, and saw 2 of its levels.

You collected 76 gold pieces.

Inventory:

Hand Weapons
 h - a +0 short sword (weapon)
Armour
 a - a +0 robe (worn)
 r - a +0 pair of gloves
Jewellery
 q - an amulet of harm (around neck)
Scrolls
 d - 3 scrolls of identify {unknown}
 e - 2 scrolls of enchant weapon {unknown}
 i - a scroll of recharging {unknown}
 l - a scroll of remove curse {unknown}
 n - a scroll of random uselessness {unknown}
 o - a scroll of noise {unknown}
Potions
 f - 2 potions of berserk rage {unknown}
 g - a potion of heal wounds {unknown}
 j - 2 potions of curing {unknown}
 m - a potion of magic {unknown}
 p - a potion of might {unknown}
Books
 b - a book of Conjurations

   Spells                             Type                      Level
   a - Magic Dart                     Conjuration                  1
   b - Searing Ray                    Conjuration                  2
   c - Dazzling Spray                 Conjuration/Hexes            3
   d - Fulminant Prism                Conjuration/Hexes            4
   e - Force Lance                    Conjuration/Translocation    4
   f - Iskenderun's Mystic Blast      Conjuration                  4
Comestibles
 c - 3 bread rations
 k - a meat ration


   Skills:
 - Level 1.7 Dodging
 - Level 1.7 Stealth
 + Level 2.4 Spellcasting
 * Level 4.3 Conjurations


You had 3 spell levels left.
You knew the following spells:

 Your Spells              Type           Power        Failure   Level  Hunger
a - Magic Dart            Conj           ###.         2%          1    None
b - Searing Ray           Conj           ###...       3%          2    ##.....


Dungeon Overview and Level Annotations

Branches:
Dungeon (2/15)


Innate Abilities, Weirdness & Mutations

You have an increased reservoir of magic. (+10% MP)


Message History

Found a dark potion. 2 gnolls come into view.
The gnoll shouts! x2
A hobgoblin comes into view. It is wielding a club.
You see here a pair of gloves.
r - a pair of gloves 2 gnolls come into view.
The gnoll shouts! x2; You hear a shout!
The gnoll barely misses you.
The gnoll moves out of view.
The gnoll hits you from afar with a halberd!!
Ouch! That really hurt!
* * * LOW HITPOINT WARNING * * *
Huge Dmg: -80%(-21hp) hp: 20%(5hp)
Casting: Magic Dart
Confirm with . or Enter, or press ? or * to list all spells.
Okay, then.
There is a stone staircase leading up here.
The gnoll hits you from afar with a halberd!
Ouch! That really hurt!
You die...

...#.####.####..g####...........#
................####......#####.#
..............g## #....#### .#
######(###..g######..### .
####.#####.........###
#)..........g..>........
##...########.g......##.. #...##
#........# ##### #..@.....#
##########


You could see 3 gnolls.

Vanquished Creatures
  A worm (D:2)
  2 ball pythons
  7 bats
  2 giant cockroaches (D:1)
  5 goblins
  5 hobgoblins
  4 jackals (D:1)
  5 kobolds
  5 rats (D:1)
36 creatures vanquished.

Notes
Turn   | Place    | Note
-------+----------+-------------------------------------------
     0 | D:1      | Monsterracer the Demigod Conjurer began the quest for the Orb.
     0 | D:1      | Reached XP level 1. HP: 14/14 MP: 5/5
   303 | D:1      | Reached XP level 2. HP: 20/20 MP: 1/7
   318 | D:1      | HP: 10/20 [jackal (3)]
   323 | D:1      | HP: 9/20 [jackal (1)]
   329 | D:1      | Learned a level 2 spell: Searing Ray
   688 | D:1      | Reached skill level 4 in Conjurations
  1198 | D:2      | Reached XP level 3. HP: 26/26 MP: 7/9
  1539 | D:2      | HP: 5/26 [gnoll/halberd (21)]
  1559 | D:2      | Mangled by a gnoll

Skill      XL: |  1  2 |
---------------+-------+-----
Spellcasting   | 2 |  2.4
Conjurations   | 4 |  4.3
Dodging        | |  1.7
Stealth        | |  1.7

Action                   || total
-------------------------++-------
Melee: Unarmed           ||    19
       Short sword       ||     3
 Cast: Magic Dart        ||    69
       Searing Ray       ||     1
  Eat: Chunk             ||     2
Armor: Robe              ||     9
Dodge: Dodged            ||    20
